 Dungeon Crawl Stone Soup version 0.29-a0-222-g5b244fca1f (webtiles) character file.

Game seed: 6822429761552521159

4351 dracfodder the Spear-Bearer (level 10, -9/63 HPs)
             Began as a Gargoyle Berserker on Feb 27, 2022.
             Was a Priest of Trog.
             Killed from afar by a manticore (12 damage)
             ... with a volley of spikes
             ... on level 7 of the Dungeon.
             The game lasted 00:25:56 (5356 turns).

dracfodder the Spear-Bearer (Gargoyle Berserker)    Turns: 5356, Time: 00:25:57

Health: -9/63      AC: 19    Str: 27    XL:     10   Next: 34%
Magic:  10/10      EV: 12    Int:  8    God:    Trog [***...]
Gold:   334        SH:  0    Dex:  9    Spells: 9/9 levels left

rFire   . . .      SeeInvis .   a - +0 halberd
rCold   . . .      Faith    .   (shield currently unavailable)
rNeg    + . .      Spirit   .   b - +3 ring mail {Will+}
rPois   ∞          Reflect  .   (no helmet)
rElec   +          Harm     .   (no cloak)
rCorr   .          Rampage  .   (no gloves)
Will    +....                   k - +0 pair of boots
Stlth   +.........              (no amulet)
HPRegen 1.00/turn               c - ring of flight
MPRegen 0.12/turn               (no ring)

@: spiked, on berserk cooldown, flying, slowed, very slow
A: sickness immunity, AC +7, negative energy resistance 1, electricity
resistance, torment resistance 1, petrification resistance, iridescent scales 1,
regeneration 1, strong 1
a: Renounce Religion, Berserk, Trog's Hand


You were on level 7 of the Dungeon.
You worshipped Trog.
Trog was most pleased with you.
You visited 1 branch of the dungeon, and saw 9 of its levels.

You collected 444 gold pieces.
You spent 110 gold pieces at shops.

Inventory:

Hand Weapons
 a - a +0 halberd (weapon)
 v - a +1 vampiric war axe
Missiles
 e - 140 stones
 h - 17 poisoned darts (quivered)
 i - 5 javelins
 j - 6 boomerangs
Armour
 b - a +3 ring mail of willpower (worn)
 k - a +0 pair of boots (worn)
 l - +0 acid dragon scales
Jewellery
 c - a ring of flight (left hand)
 d - a ring of protection from cold
 n - a ring of protection from cold
Wands
 f - a wand of digging (18)
 t - a wand of iceblast (5)
Scrolls
 m - 2 scrolls of teleportation
 p - 2 scrolls of blinking
 q - a scroll of identify
 r - a scroll of fog
 w - a scroll of silence
Potions
 g - 8 potions of curing
 s - a potion of berserk rage
 u - a potion of magic


   Skills:
 + Level 7.3 Fighting
 + Level 10.3 Polearms
 + Level 1.3 Throwing
 + Level 6.4 Armour
 + Level 4.6 Dodging
 + Level 2.0 Stealth


You had 9 spell levels left.
You didn't know any spells.
Your spell library was empty.

Dungeon Overview and Level Annotations

Branches:
Dungeon (9/15)
 Temple: D:4-7         Lair: D:8-11         Orc: D:9-12

Altars:

Shops:
D:1 *   D:5 **   D:7 [


Innate Abilities, Weirdness & Mutations

You are immune to sickness and miasma.
Your stone body is resilient. (AC +7)
You are immune to poison.
You resist negative energy. (rN+)
You are resistant to electric shocks. (rElec)
You are resistant to unholy torment.
You are immune to petrification.
You are partially covered in iridescent scales. (AC +2)
Your natural rate of healing is unusually fast.
Your muscles are strong. (Str +2)


Message History

The boulder beetle closely misses you.
You hit the boulder beetle but do no damage.
The boulder beetle is lightly wounded.
You hit the boulder beetle but do no damage.
The boulder beetle is lightly wounded.
The boulder beetle bites you!
You slice the boulder beetle!!
The boulder beetle is moderately wounded.
The boulder beetle bites you!
You puncture the boulder beetle!
The boulder beetle is heavily wounded.
You hit the boulder beetle but do no damage.
The boulder beetle is heavily wounded.
The boulder beetle bites you.
You completely miss the boulder beetle.
The boulder beetle is heavily wounded.
The boulder beetle misses you.
You impale the boulder beetle!!
The boulder beetle is severely wounded.
You are no longer berserk.
You are exhausted.
You feel yourself slow down.
A deep elf pyromancer comes into view. It is wielding a +0 long sword.
You puncture the boulder beetle!
The boulder beetle is almost dead.
The boulder beetle bites you!
The deep elf pyromancer casts a spell.
The boulder beetle leaps!
The hound bites you but does no damage. The steam dragon bites you.
The steam dragon claws you.
* * * LOW HITPOINT WARNING * * *
The fire elemental hits you. The fire elemental burns you!
* * * LOW HITPOINT WARNING * * *
The steam dragon completely misses you. The steam dragon closely misses you.
The fire elemental hits you. The fire elemental burns you!
* * * LOW HITPOINT WARNING * * *
The manticore flicks its tail.
The volley of spikes hits you!
The barbed spikes become lodged in your body.
You die...

♣ ♣♣..†♣...♣...♣♣♣.!...#
♣♣♣♣..♣)(.#...♣..♣♣♣...♣#
....♣♣♣♣♣#.#♣♣♣♣♣...♣.♣.#
♣♣♣♣..♣...#...♣..♣#♣...♣#
♣ ♣♣...♣...♣...♣♣#.....#
### ############# ###.###
..#


#So ♣♣.♣♣ ♣♣# #H♣♣♣#♣...♣# ♣ #D.@B......# ♣♣# #E♣♣♣#♣...♣# ..# #Ee ♣♣.♣♣ ###
######## #.# ♣.♣ ♣♣.....♣♣ ♣♣.♣♣ .♣♣♣♣♣♣..PPP..♣♣♣♣♣♣.♣.♣#
♣........P≈P........♣♣♣.# .♣♣♣♣♣♣..PPP..♣♣♣♣♣♣.♣.♣# ♣.♣ ♣♣.....♣♣ ♣♣.♣♣ You
could see a boulder beetle, a manticore, 2 fire elementals, a steam dragon and a
water moccasin.

Vanquished Creatures
  A cyclops (D:7)
  The ghost of indyram44 the Covered, a novice DsFi (D:5)
  Sigmund (D:5)
  A shadow (D:6)
  2 water moccasins
  An acid dragon (D:7)
  3 orc warriors
  3 ice beasts
  A sky beast (D:7)
  6 ogres
  5 centaurs
  2 necrophages
  A phantom (D:5)
  Blork the orc (D:5)
  A scorpion (D:3)
  3 bullfrogs
  4 hounds
  3 jellies
  6 orc priests
  2 gnoll shamans
  4 iguanas
  5 orc wizards
  10 gnolls
  2 adders
  2 shadow imps
  A white imp (D:4)
  2 worms
  A dart slug (D:1)
  32 orcs
  5 endoplasms (D:3)
  2 giant cockroaches
  7 goblins
  6 hobgoblins
  7 jackals
  9 kobolds
  2 quokkas
  2 ball pythons
  9 bats
  A frilled lizard (D:3)
157 creatures vanquished.

Notes
Turn   | Place    | Note
-------+----------+-------------------------------------------
     0 | D:1      | dracfodder the Gargoyle Berserker began the quest for the
                  | Orb.
     0 | D:1      | Reached XP level 1. HP: 14/14 MP: 1/1
   200 | D:1      | Reached XP level 2. HP: 12/19 MP: 2/2
   401 | D:1      | Found Ajoduoklint's General Store.
   925 | D:1      | Found a faded altar of an unknown god.
  1146 | D:2      | Reached skill level 3 in Polearms
  1188 | D:2      | Reached XP level 3. HP: 24/24 MP: 3/3
  1301 | D:2      | Gained mutation: You are dopey. (Int -2) [potion of
                  | mutation]
  1301 | D:2      | Gained mutation: Your natural rate of healing is unusually
                  | fast. [potion of mutation]
  1301 | D:2      | Gained mutation: Your muscles are strong. (Str +2) [potion
                  | of mutation]
  1617 | D:3      | Noticed a scorpion
  1746 | D:3      | Noticed a bullfrog
  1766 | D:3      | Killed a bullfrog
  1767 | D:3      | Reached XP level 4. HP: 27/29 MP: 4/4
  1775 | D:3      | Killed a scorpion
  1775 | D:3      | Reached ** piety under Trog
  1776 | D:3      | Reached XP level 5. HP: 33/33 MP: 5/5
  1816 | D:3      | Reached skill level 4 in Polearms
  1816 | D:3      | Reached skill level 1 in Stealth
  2242 | D:4      | Noticed an ogre
  2298 | D:3      | Killed an ogre
  2299 | D:3      | Reached XP level 6. HP: 5/39 MP: 6/6
  2362 | D:4      | Identified the +1 robe of the Stag {Drain rPois rCorr
                  | Int+4}
  2482 | D:4      | Reached skill level 1 in Throwing
  2518 | D:5      | Entered Level 5 of the Dungeon
  2558 | D:5      | Noticed Sigmund
  2646 | D:4      | Reached *** piety under Trog
  2647 | D:4      | Reached XP level 7. HP: 39/44 MP: 7/7
  2883 | D:5      | Reached skill level 5 in Polearms
  2978 | D:5      | Found Oxuikhlaa's Assorted Antiques.
  3037 | D:5      | Killed Sigmund
  3046 | D:5      | Reached skill level 5 in Fighting
  3046 | D:5      | Reached skill level 6 in Polearms
  3046 | D:5      | Reached XP level 8. HP: 49/49 MP: 8/8
  3173 | D:5      | Reached skill level 5 in Armour
  3451 | D:5      | Found Evinynk's General Store.
  3454 | D:6      | Noticed a shadow
  3462 | D:6      | Reached skill level 7 in Polearms
  3468 | D:6      | Killed a shadow
  3490 | D:5      | Bought a scroll of identify for 20 gold pieces
  3490 | D:5      | Bought a wand of iceblast (5) for 90 gold pieces
  3505 | D:5      | Noticed Blork the orc
  3519 | D:5      | Killed Blork the orc
  3600 | D:5      | Reached XP level 9. HP: 55/55 MP: 9/9
  3737 | D:5      | Found a runed translucent door.
  3740 | D:5      | Noticed indyram44's ghost (novice DsFi)
  3816 | D:5      | Killed indyram44's ghost
  3817 | D:5      | Reached skill level 8 in Polearms
  3899 | D:7      | Found Yshuev's Antique Armour Boutique.
  4031 | D:6      | Reached skill level 9 in Polearms
  4811 | D:8      | Reached XP level 10. HP: 61/61 MP: 10/10
  5200 | D:7      | Reached skill level 10 in Polearms
  5225 | D:7      | Noticed a cyclops
  5239 | D:7      | Killed a cyclops
  5252 | D:7      | Lost mutation: Your muscles are strong. (Str +2) [potion of
                  | mutation]
  5252 | D:7      | Lost mutation: You are dopey. (Int -2) [potion of mutation]
  5252 | D:7      | Gained mutation: You are partially covered in iridescent
                  | scales. (AC +2) [potion of mutation]
  5252 | D:7      | Gained mutation: Your muscles are strong. (Str +2) [potion
                  | of mutation]
  5334 | D:7      | Noticed a boulder beetle
  5338 | D:7      | Noticed a manticore
  5353 | D:7      | Noticed a deep elf pyromancer
  5355 | D:7      | HP: 2/63 [fire elemental[a deep elf pyromancer] (7)]
  5356 | D:7      | Killed from afar by a manticore

Illustrated notes

Levels and vault maps discovered:
D:1:      roderic_octagonal_star, layout_basic, serial_shops, shop,
          shapermc_ecumenical_altar_ellora, minmay_misc_feat_chi
D:2:      layout_basic
D:3:      layout_basic
D:4:      layout_rooms
D:5:      layout_loops_ring, ebering_ghost_reflecting_pool, serial_shops,
          nicolae_shop_behind_doors, shop, uniq_sigmund, uniq_blork_the_orc
D:6:      layout_basic, dk_noncrumbling_4, minmay_crystal_water, st_stairs_4,
          chequers_serial_rivers_room_b
D:7:      nzn_winding_woodlands_medium [nzn_winding_woodlands_5x5_checkerboard,
          nzn_winding_woodlands_5x15_garden,
          nzn_winding_woodlands_5x5_closed_star,
          nzn_winding_woodlands_5x5_three,
          nzn_winding_woodlands_center_pierced_h,
          nzn_winding_woodlands_5x5_default, nzn_winding_woodlands_5x5_cross,
          nzn_winding_woodlands_5x15_twine, nzn_winding_woodlands_hourglass],
          layout_rooms, minmay_temple_entry_arrows, serial_shops, shop,
          lightli_corner_chamber
D:8:      layout_basic, enter_bailey_7
D:9:      layout_rooms, nicolae_overflow_squiral, uniq_erolcha

Skill      XL: |  1  2  3  4  5  6  7  8  9 10 |
---------------+-------------------------------+-----
Polearms       | 3 4 6 7 9 10 | 10.3
Fighting       | 4 5 6 7 |  7.3
Armour         | 3 4 5 6 |  6.4
Dodging        | 2 3 4 |  4.6
Stealth        | 1 2 |  2.0
Throwing       | 1 |  1.3

Action                   |  1- 3 |  4- 6 |  7- 9 | 10-12 || total
-------------------------+-------+-------+-------+-------++-------
Melee: Spear             |   119 |   102 |       |       ||   221
       Trident           |       |    50 |   122 |       ||   172
       Punch             |       |     2 |     2 |       ||     4
       Halberd           |       |       |   260 |   105 ||   365
Throw: Stone             |     3 |       |       |       ||     3
       Dart              |     2 |     9 |     4 |       ||    15
Invok: Berserk           |     1 |     1 |     4 |     2 ||     8
       Trog's Hand       |       |       |     5 |       ||     5
  Use: Scroll            |     6 |     2 |     7 |       ||    15
       Potion            |     1 |       |     2 |     4 ||     7
 Stab: Invisible         |       |       |     1 |       ||     1
Armor: Animal skin       |     7 |       |       |       ||     7
       Ring mail         |    33 |    60 |   194 |    57 ||   344
Dodge: Dodged            |    68 |    56 |   203 |    51 ||   378

Table legend: (Time is in decaauts)
 A = Elapsed time spent in this place.
 B = Non-inter-level travel time spent in this place.
 C = Inter-level travel time spent in this place.
 D = Time resting spent in this place.
 E = Time spent auto-exploring this place.
 F = Levels seen in this place.
 G = Mean time per level.
                   A        B        C        D        E       F      G
               +--------+--------+--------+--------+--------+-----+--------+
         Total |   5429 |   5215 |    214 |    460 |   3157 |   9 |  603.2 |
       Dungeon |   5429 |   5215 |    214 |    460 |   3157 |   9 |  603.2 |
               +--------+--------+--------+--------+--------+-----+--------+

Top non-repeatable levels by time:
     D:1: 1126 daAuts
     D:5: 1034 daAuts
     D:8: 844 daAuts
     D:3: 694 daAuts
     D:2: 526 daAuts
     D:4: 526 daAuts
     D:6: 393 daAuts
     D:7: 283 daAuts
     D:9: 1 daAuts
